Map: Abandoned Parish

Players

EliteSunde

  • Race: Protoss Protoss
  • League: Bronze
  • Spawn Location: 3:00

lllllll

  • Race: Protoss Protoss
  • Spawn Location: 9:00

neovz

  • Race: Terran Terran
  • League: Gold
  • Spawn Location: 12:00

GeneralRoque

  • Race: Terran Terran
  • Spawn Location: 12:00

Grumm

  • Race: Protoss Protoss
  • League: Gold
  • Spawn Location: 7:00

Hirogene

  • Race: Protoss Protoss
  • Spawn Location: 6:00

Geran

  • Race: Zerg Zerg
  • Spawn Location: 6:00

gdawgrancid

  • Race: Zerg Zerg
  • Spawn Location: 3:00

VOD

Have the link to the VOD?

Description

Time

  • Played on: Jan. 11, 2016, 8:17 p.m.
  • Length: 18:13
Show
View Real Time Build Order
Export as new Build Order

EliteSunde Protoss 

Build Orders: Cannon Rush 

Get SALT Encoding   

  12  0:24  Pylon  
  12  0:46  Gateway  
  12  0:51  Forge  
  12  0:53  Probe (Chrono Boost)  
  13  0:58  Assimilator  
  13  1:03  Probe (Chrono Boost)  
  14  1:14  Probe (Chrono Boost)  
  15  1:24  Probe (Chrono Boost)  
  16  1:35  Probe (Chrono Boost)  
  16  1:39  Photon Cannon  
  17  1:40  Photon Cannon  
  17  1:45  Probe (Chrono Boost)  
  18  1:58  Photon Cannon  
  18  1:59  Probe (Chrono Boost)  
  19  2:09  Probe (Chrono Boost)  
  20  2:18  Assimilator  
  20  2:20  Probe (Chrono Boost)  
  21  2:30  Probe (Chrono Boost)  
  22  2:38  Pylon  
  22  2:46  Cybernetics Core  
  22  2:47  Pylon  
  22  3:31  Nexus  
  22  3:45  Photon Cannon  
  22  3:50  Stargate  
  22  3:51  Stargate  
  22  3:53  Stargate  
  22  4:01  Pylon  
  22  4:25  Photon Cannon  
  22  4:30  Photon Cannon  
  22  4:42  Fleet Beacon  
  22  4:43  Probe (Chrono Boost)  
  22  4:44  Probe (Chrono Boost)  
  24  4:54  Probe x2 (Chrono Boost)  
  26  5:05  Probe x2 (Chrono Boost)  
  28  5:15  Probe (Chrono Boost)  
  28  5:16  Probe (Chrono Boost)  
  30  5:26  Probe x2 (Chrono Boost)  
  32  5:29  Carrier  
  38  5:36  Probe (Chrono Boost)  
  39  5:45  Carrier  
  45  5:53  Probe x2 (Chrono Boost)  
  47  6:01  Assimilator  
  47  6:03  Probe (Chrono Boost)  
  47  6:04  Probe (Chrono Boost)  
  49  6:06  Assimilator  
  49  6:14  Probe x2 (Chrono Boost)  
  51  6:24  Probe (Chrono Boost)  
  51  6:25  Probe (Chrono Boost)  
  53  6:28  Carrier  
  59  6:35  Probe x2 (Chrono Boost)  
  59  6:38  Pylon, Protoss Air Weapons Level 1  
  61  6:41  Pylon  
  61  6:45  Pylon, Probe (Chrono Boost)  
  62  6:51  Protoss Shields Level 1  
  62  7:06  Pylon  
  62  7:08  Pylon, Graviton Catapult (Chrono Boost)  
  62  7:14  Mothership Core (Chrono Boost), Pylon  
  64  7:37  Nexus  
  64  7:43  Carrier  
  70  8:15  Carrier  
  76  8:35  Carrier (Chrono Boost)  
  82  9:03  Protoss Air Weapons Level 2  
  82  9:09  Carrier (Chrono Boost)  
  88  9:21  Pylon  
  88  9:23  Pylon  
  88  9:25  Pylon  
  88  9:31  Pylon  
  88  9:32  Photon Cannon  
  88  9:33  Photon Cannon  
  88  9:35  Photon Cannon  
  88  9:37  Photon Cannon x2  
  88  9:39  Twilight Council  
  88  9:42  Photon Cannon  
  88  9:44  Photon Cannon  
  88  9:46  Carrier (Chrono Boost)  
  88  9:50  Assimilator  
  88  9:51  Assimilator  
  100  10:00  Carrier (Chrono Boost)  
  106  10:32  Probe  
  107  10:40  Protoss Shields Level 2  
  107  10:58  Carrier (Chrono Boost)  
  113  11:15  Pylon  
  113  11:17  Pylon  
  113  11:24  Photon Cannon  
  113  11:26  Photon Cannon  
  113  11:28  Photon Cannon  
  113  11:29  Photon Cannon  
  113  11:30  Carrier (Chrono Boost)  
  119  11:36  Photon Cannon  
  119  11:37  Photon Cannon  
  119  11:40  Photon Cannon  
  119  11:43  Carrier (Chrono Boost)  
  125  12:21  Carrier (Chrono Boost)  
  123  13:07  Protoss Air Weapons Level 3  
  123  13:08  Protoss Shields Level 3  
  123  13:11  Carrier (Chrono Boost)  
  129  13:55  Carrier x2 (Chrono Boost)  
  141  14:24  Pylon  
  141  14:52  Photon Cannon x2  
  141  14:53  Photon Cannon  
  141  14:54  Photon Cannon  
  128  16:13  Tempest (Chrono Boost)  
  128  16:14  Tempest x2 (Chrono Boost)  
  135  16:50  Tempest (Chrono Boost)  
  135  16:51  Tempest (Chrono Boost)  
  142  17:28  Pylon x2  
  142  17:32  Pylon  
  142  17:34  Pylon  
Show
View Real Time Build Order
Export as new Build Order

lllllll Protoss 

Build Orders:  

Get SALT Encoding   

  12  0:07  Probe (Chrono Boost)  
  13  0:17  Pylon  
  13  0:44  Forge  
  13  0:57  Probe (Chrono Boost)  
  14  1:03  Pylon  
  14  1:07  Probe (Chrono Boost)  
  15  1:18  Probe (Chrono Boost)  
  16  1:34  Photon Cannon  
  16  1:37  Photon Cannon  
  16  1:57  Pylon  
  16  2:21  Pylon  
  16  2:29  Photon Cannon  
  16  2:31  Photon Cannon  
  16  2:40  Photon Cannon  
  16  2:42  Photon Cannon  
  16  2:46  Photon Cannon  
  16  2:55  Pylon  
  15  3:33  Pylon, Photon Cannon  
  15  3:42  Pylon  
  12  3:56  Photon Cannon  
  12  4:26  Photon Cannon  
  12  5:27  Probe (Chrono Boost)  
  13  5:38  Probe (Chrono Boost)  
  14  5:51  Pylon  
  14  6:09  Pylon  
  9  6:55  Photon Cannon  
  9  7:03  Photon Cannon  
  9  7:21  Probe (Chrono Boost)  
  10  7:32  Probe (Chrono Boost)  
  11  7:42  Probe (Chrono Boost)  
  12  7:45  Nexus  
  12  7:48  Pylon  
  12  7:53  Probe (Chrono Boost)  
  13  8:03  Probe (Chrono Boost)  
  14  8:34  Pylon  
  14  9:05  Probe (Chrono Boost)  
  15  9:15  Probe (Chrono Boost)  
  15  9:17  Photon Cannon  
  15  9:20  Photon Cannon  
  15  9:26  Probe (Chrono Boost)  
  15  9:28  Photon Cannon  
  16  9:36  Probe (Chrono Boost)  
  17  9:47  Probe (Chrono Boost)  
  18  9:57  Probe (Chrono Boost)  
  19  10:08  Probe (Chrono Boost)  
  20  10:23  Probe (Chrono Boost)  
  21  10:30  Pylon  
  21  10:33  Probe (Chrono Boost)  
  22  10:44  Probe (Chrono Boost)  
  22  10:45  Probe (Chrono Boost)  
  22  10:48  Assimilator  
  24  10:53  Assimilator  
  24  10:55  Assimilator, Probe x2 (Chrono Boost)  
  26  10:59  Assimilator  
  26  11:05  Probe (Chrono Boost)  
  26  11:06  Probe (Chrono Boost)  
  26  11:08  Pylon  
  26  11:11  Pylon  
  28  11:16  Probe (Chrono Boost)  
  28  11:17  Probe (Chrono Boost)  
  30  11:26  Probe (Chrono Boost)  
  30  11:27  Probe (Chrono Boost)  
  32  11:36  Gateway  
  32  11:38  Gateway, Probe (Chrono Boost)  
  33  11:40  Gateway  
  33  11:42  Gateway  
  33  11:50  Pylon  
  33  11:51  Pylon  
  33  11:52  Pylon  
  33  11:55  Probe (Chrono Boost)  
  34  12:06  Probe (Chrono Boost)  
  35  12:16  Probe (Chrono Boost)  
  36  12:27  Probe (Chrono Boost)  
  36  12:29  Cybernetics Core  
  37  12:32  Gateway  
  37  12:33  Gateway  
  37  12:37  Gateway  
  37  12:38  Probe (Chrono Boost)  
  38  13:21  Photon Cannon  
  38  13:27  Stalker x3  
  38  13:28  Stalker  
  38  13:31  Photon Cannon  
  46  13:35  Photon Cannon  
  46  13:36  Photon Cannon  
  46  13:38  Photon Cannon  
  46  13:44  Photon Cannon  
  45  13:51  Forge  
  45  14:02  Pylon  
  24  14:50  Stalker x2  
  24  14:51  Stalker x3  
  32  15:30  Warp Gate  
  32  15:53  Nexus  
  32  16:05  Pylon  
  32  16:23  Photon Cannon  
  32  16:25  Photon Cannon  
  32  16:27  Photon Cannon  
  32  16:28  Photon Cannon  
  32  16:30  Photon Cannon  
  32  16:33  Photon Cannon  
  32  16:45  Stalker x3  
  38  17:00  Pylon  
Show
View Real Time Build Order
Export as new Build Order

neovz Terran 

Build Orders:  

Get SALT Encoding   

  12  0:02  SCV  
  13  0:15  SCV  
  14  0:27  SCV  
  15  0:29  Supply Depot  
  15  0:47  Supply Depot  
  15  0:51  SCV  
  15  0:56  Barracks  
  16  1:10  SCV  
  17  1:21  Barracks  
  17  1:46  Barracks  
  17  1:48  Orbital Command  
  17  1:52  Marine  
  18  2:08  Command Center  
  18  2:09  Marine x2  
  20  2:27  Marine x2  
  22  2:34  Marine  
  22  2:36  SCV  
  24  2:45  Marine x2  
  24  2:48  SCV  
  24  2:51  Refinery  
  27  2:52  Refinery, Marine  
  28  3:01  Supply Depot, SCV  
  28  3:03  Marine  
  30  3:12  Marine  
  31  3:17  Engineering Bay  
  31  3:20  Marine  
  31  3:22  Engineering Bay  
  32  3:32  Orbital Command  
  32  3:34  SCV  
  33  3:46  SCV  
  34  3:57  Missile Turret  
  34  4:01  Missile Turret  
  34  4:13  Missile Turret  
  34  4:22  Missile Turret  
  34  4:23  SCV  
  35  4:36  Missile Turret  
  35  4:38  SCV x2  
  37  4:44  Marine x3  
  40  4:50  SCV x2  
  42  5:02  Marine, SCV x2  
  42  5:04  Terran Infantry Weapons Level 1  
  42  5:05  Terran Infantry Armor Level 1  
  45  5:10  Marine x2  
  47  5:14  SCV x2  
  47  5:17  Factory  
  47  5:18  Factory  
  47  5:19  Marine  
  47  5:20  Supply Depot  
  50  5:26  SCV  
  43  5:47  Marine  
  43  5:48  Marine x2  
  46  6:05  Marine x2  
  46  6:06  Marine  
  46  6:08  SCV x2  
  51  6:17  Factory Tech Lab  
  51  6:18  Factory Tech Lab  
  51  6:21  SCV x2  
  51  6:24  Starport  
  52  6:32  Barracks Tech Lab x2  
  52  6:33  SCV  
  52  6:37  Siege Tank  
  52  6:38  Siege Tank  
  52  6:39  Barracks Reactor  
  59  6:43  SCV  
  60  6:52  Refinery  
  57  6:55  Refinery, SCV  
  52  7:02  Starport  
  52  7:07  SCV  
  48  7:19  SCV  
  49  7:31  Marine x4  
  45  7:48  Marine  
  45  7:49  Marine  
  45  7:50  SCV  
  48  7:52  SCV  
  49  8:02  SCV  
  49  8:04  SCV  
  51  8:13  Command Center, Marine x4  
  51  8:14  SCV  
  51  8:16  SCV  
  57  8:26  SCV  
  58  8:28  SCV  
  58  8:30  Missile Turret  
  58  8:31  Missile Turret, Marine x3  
  62  8:39  Starport Reactor x2  
  62  8:45  Supply Depot  
  62  8:46  Supply Depot  
  62  8:47  Supply Depot x2  
  62  8:55  Missile Turret  
  62  8:56  Missile Turret  
  62  9:02  Missile Turret  
  62  9:04  Missile Turret  
  62  9:05  Marine  
  62  9:07  SCV x2  
  62  9:08  Supply Depot  
  62  9:09  Combat Shields, Supply Depot  
  64  9:10  Supply Depot, Concussive Shells  
  64  9:11  Supply Depot  
  64  9:13  Siege Tank  
  64  9:14  Siege Tank  
  64  9:16  Medivac  
  64  9:17  Medivac x3  
  74  9:18  Marine x3  
  74  9:23  Marine  
  82  9:29  Armory  
  82  9:31  Supply Depot, Armory  
  82  9:36  Marine x3  
  85  9:40  Marine  
  86  9:46  Medivac x2  
  86  9:48  Command Center  
  90  9:54  Stimpack, Marine x3  
  90  9:58  Marine  
  94  10:07  Barracks  
  94  10:10  Barracks  
  94  10:11  Marine  
  94  10:12  Marine  
  93  10:50  Terran Vehicle Weapons Level 1  
  93  10:51  Terran Vehicle And Ship Armor Level 1, Terran Infantry Weapons Level 2  
  93  10:52  Terran Infantry Armor Level 2  
  93  10:58  Barracks Reactor x2  
  93  11:01  Barracks  
  93  11:04  Orbital Command  
  93  11:10  Siege Tank x2  
  99  11:20  Marine  
  99  11:21  Marine x3  
  103  11:26  Supply Depot x2  
  103  11:36  Viking x4  
  103  11:38  Marine x2  
  103  11:39  Marine x3  
  116  11:42  Siege Tank  
  119  11:51  Supply Depot  
  119  11:53  Marine x2  
  119  11:54  Supply Depot, Marine  
  122  11:56  Marine x2  
  124  12:06  Viking  
  125  12:17  Supply Depot  
  125  12:19  Supply Depot  
  66  13:00  Marine x2  
  66  13:01  Marine x5  
  74  13:18  Marine x4  
  74  13:19  Marine x3  
  70  13:30  Siege Tank x2  
  75  13:36  Marine x2  
  75  13:37  Marine x2  
  74  13:54  Marine x3, Barracks Reactor  
  74  13:55  Marine  
  70  14:02  Siege Tank  
  70  14:07  Siege Tank  
  60  14:24  Orbital Command  
  47  14:53  Thor x2  
  56  15:42  Terran Vehicle Weapons Level 2  
  56  15:44  Terran Vehicle And Ship Armor Level 2  
  56  16:40  Thor x2  
  32  17:23  Thor  
Show
View Real Time Build Order
Export as new Build Order

GeneralRoque Terran 

Build Orders:  

Get SALT Encoding   

  12  0:34  SCV  
  13  0:46  SCV  
  13  0:48  Supply Depot  
  14  1:01  Supply Depot  
  14  1:02  SCV  
  15  1:09  Refinery  
  15  1:14  Refinery  
  15  1:17  SCV  
  16  1:23  Barracks  
  16  1:50  Engineering Bay  
  16  1:58  SCV  
  17  2:08  Barracks  
  17  2:10  SCV  
  18  2:22  SCV  
  19  2:34  SCV  
  20  2:42  Barracks  
  20  2:46  Planetary Fortress  
  20  2:57  Command Center  
  20  3:07  Barracks Reactor  
  20  3:08  Barracks Tech Lab  
  20  3:15  Barracks  
  20  3:26  SCV  
  21  3:30  Combat Shields  
  21  3:32  Marine x2  
  23  3:46  Marine x2  
  25  3:50  Marine x2  
  27  4:04  Marine x2  
  27  4:07  Marine  
  30  4:10  SCV  
  31  4:20  Missile Turret  
  31  4:22  Marine, SCV  
  33  4:33  SCV  
  33  4:34  SCV  
  35  4:41  Factory  
  35  4:46  SCV  
  35  4:47  SCV  
  35  4:49  Concussive Shells  
  37  4:58  SCV  
  38  5:02  Missile Turret  
  38  5:14  Marine x2  
  38  5:15  Refinery, Marine x3  
  43  5:22  SCV  
  44  5:28  Factory Tech Lab  
  44  5:32  Marine x2, Terran Infantry Weapons Level 1  
  46  5:40  Refinery  
  46  5:41  Supply Depot  
  46  5:50  Barracks Reactor  
  46  5:52  Barracks Reactor  
  46  6:02  Marine x2  
  46  6:03  SCV  
  49  6:15  SCV  
  50  6:27  SCV  
  51  6:39  SCV  
  51  6:51  SCV  
  52  7:03  SCV  
  46  7:22  Marine x3  
  47  7:23  Marine x4  
  47  7:26  Terran Infantry Armor Level 1, Stimpack  
  53  7:32  Supply Depot  
  51  7:37  Supply Depot  
  51  7:40  Marine x5  
  51  7:41  Marine x2  
  53  7:49  SCV  
  54  7:53  Siege Tank  
  54  7:58  Marine x2  
  58  7:59  Supply Depot  
  58  8:01  SCV  
  60  8:08  Marauder, Marine x2  
  60  8:09  Marine x2  
  66  8:13  SCV  
  66  8:15  Starport  
  66  8:16  Marine x2  
  69  8:25  Widow Mine, SCV  
  69  8:26  Marine x4  
  75  8:30  Marauder  
  78  8:47  Marine, SCV  
  78  8:51  Marauder  
  78  8:53  Widow Mine  
  71  9:09  Missile Turret x2  
  71  9:10  SCV  
  71  9:12  Missile Turret  
  71  9:16  Marine  
  71  9:17  Marine x5  
  78  9:28  Supply Depot  
  78  9:29  Starport Reactor  
  78  9:44  Marine  
  78  9:46  Marine x2  
  78  9:47  SCV  
  78  9:48  Widow Mine, Marine  
  78  9:50  Supply Depot  
  74  9:59  SCV  
  41  10:11  Marine, SCV  
  41  10:12  Supply Depot, Marine x2  
  44  10:17  Widow Mine  
  42  10:23  SCV  
  43  10:29  Marine  
  43  10:35  Barracks  
  44  10:39  Barracks  
  44  10:46  SCV  
  45  10:58  SCV  
  46  11:06  Engineering Bay  
  46  11:10  SCV  
  47  11:29  Orbital Command  
  47  11:51  Marine x6  
  47  11:52  Marine  
  54  12:08  Marine  
  54  12:09  Marine  
  56  12:36  Armory  
  56  13:23  Marine  
  56  13:24  Marine x6  
  63  13:28  Terran Infantry Weapons Level 2  
  63  13:35  Engineering Bay  
  63  13:41  Marine x2  
  63  13:42  Marine x2  
  47  14:08  Marine x4  
  47  14:09  Marine x3  
  54  14:24  Drilling Claws  
  54  14:26  Marine x3  
  57  15:39  Marine x6  
  57  15:40  Marine  
  64  15:44  Terran Infantry Armor Level 2  
  64  15:57  Marine x7  
  64  16:14  Marine  
  64  16:15  Marine  
  51  16:44  Marine x7  
  57  17:02  Marine x7  
  62  17:19  Marine x2  
  62  17:20  Marine x5  
  67  17:37  Marine x3  
Show
View Real Time Build Order
Export as new Build Order

Grumm Protoss 

Build Orders: Double Forge, Oracle Opening 

Get SALT Encoding   

  12  0:09  Pylon  
  12  0:13  Probe (Chrono Boost)  
  13  0:21  Assimilator  
  13  0:24  Probe (Chrono Boost)  
  14  0:39  Gateway  
  14  0:42  Probe (Chrono Boost)  
  15  0:50  Assimilator  
  15  0:52  Probe (Chrono Boost)  
  16  1:03  Probe (Chrono Boost)  
  17  1:13  Probe (Chrono Boost)  
  18  1:26  Cybernetics Core  
  18  1:31  Forge  
  18  1:34  Probe (Chrono Boost)  
  19  1:47  Probe (Chrono Boost)  
  20  1:52  Pylon  
  20  1:57  Probe (Chrono Boost)  
  21  2:06  Stargate  
  21  2:12  Pylon  
  21  2:15  Probe (Chrono Boost)  
  22  2:30  Photon Cannon  
  22  2:38  Photon Cannon  
  22  2:51  Oracle  
  25  3:04  Photon Cannon  
  24  3:21  Photon Cannon  
  24  3:24  Photon Cannon  
  24  3:34  Photon Cannon  
  24  4:02  Stargate  
  24  4:06  Stargate  
  24  4:08  Pylon  
  24  4:20  Probe (Chrono Boost)  
  24  4:22  Forge  
  25  4:49  Zealot  
  27  4:53  Oracle x2  
  27  4:55  Probe (Chrono Boost)  
  34  5:05  Probe (Chrono Boost)  
  29  5:49  Oracle (Chrono Boost)  
  35  5:54  Oracle (Chrono Boost)  
  35  6:09  Pylon  
  32  6:58  Oracle (Chrono Boost)  
  38  7:02  Pylon  
  38  7:03  Oracle (Chrono Boost)  
  38  7:13  Pylon  
  38  7:29  Oracle (Chrono Boost)  
  41  7:31  Nexus  
  41  7:36  Oracle (Chrono Boost)  
  35  7:57  Warp Gate (Chrono Boost)  
  35  7:58  Probe  
  35  8:03  Photon Cannon  
  35  8:05  Photon Cannon  
  36  8:06  Pylon  
  24  9:05  Gateway  
  24  9:11  Pylon, Gateway  
  24  9:16  Probe  
  25  9:22  Void Ray x2  
  33  9:32  Probe  
  33  9:33  Probe  
  33  9:34  Protoss Ground Weapons Level 1  
  33  9:36  Photon Cannon  
  35  9:40  Assimilator  
  35  9:44  Twilight Council  
  35  9:45  Probe  
  35  9:46  Assimilator  
  35  9:48  Gateway  
  36  10:04  Void Ray  
  36  10:05  Void Ray  
  44  10:23  Zealot x3  
  44  10:27  Probe  
  51  10:31  Probe  
  52  10:36  Charge (Chrono Boost)  
  52  10:39  Probe  
  53  10:50  Probe  
  53  10:51  Probe  
  55  11:05  Gateway  
  55  11:06  Gateway  
  55  11:10  Pylon x2, Zealot x3  
  61  11:16  Zealot  
  63  11:23  Mothership Core  
  65  11:27  Gateway  
  65  11:29  Gateway  
  65  12:02  Void Ray x2  
  65  12:03  Zealot x2  
  65  12:05  Sentry  
  65  12:06  Sentry  
  38  12:33  Zealot x3  
  32  12:52  Probe x2  
  34  13:01  Nexus  
  34  13:04  Pylon, Probe x2  
  36  13:16  Probe  
  33  13:31  Zealot x4  
  37  13:34  Void Ray x2 (Chrono Boost)  
  45  13:43  Photon Cannon  
  41  14:00  Gateway  
  41  14:01  Gateway  
  39  14:10  Stalker x2  
  39  14:11  Stalker  
  39  14:13  Zealot  
  41  14:42  Zealot x2  
  41  14:43  Zealot x2  
  47  14:51  Void Ray (Chrono Boost)  
  51  15:04  Stalker x4  
  61  15:21  Void Ray (Chrono Boost)  
  61  15:45  Stalker x2  
  61  15:46  Stalker x4  
  47  16:37  Zealot  
  47  16:38  Zealot x4  
  47  16:44  Void Ray x2 (Chrono Boost)  
  48  17:03  Zealot x4  
  34  17:21  Void Ray x2 (Chrono Boost)  
  42  17:27  Probe  
  42  17:28  Probe x2  
  45  17:30  Zealot x4  
  53  17:37  Probe  
  53  17:40  Probe x2  
  56  17:52  Probe  
Show
View Real Time Build Order
Export as new Build Order

Hirogene Protoss 

Build Orders:  

Get SALT Encoding   

  12  0:06  Probe (Chrono Boost)  
  13  0:22  Probe (Chrono Boost)  
  14  1:03  Probe (Chrono Boost)  
  15  1:09  Pylon  
  15  1:14  Nexus  
  15  1:19  Pylon  
  15  1:37  Probe (Chrono Boost)  
  16  1:46  Nexus  
  16  1:48  Probe (Chrono Boost)  
  17  2:14  Pylon  
  17  2:27  Probe (Chrono Boost)  
  17  2:28  Probe (Chrono Boost)  
  19  2:38  Probe (Chrono Boost)  
  19  2:40  Pylon  
  20  2:48  Probe (Chrono Boost)  
  20  2:50  Gateway x2  
  21  2:55  Probe (Chrono Boost)  
  21  2:56  Assimilator  
  22  2:59  Probe (Chrono Boost)  
  22  3:03  Probe (Chrono Boost)  
  25  3:05  Probe (Chrono Boost)  
  25  3:14  Probe (Chrono Boost)  
  25  3:18  Pylon  
  26  3:24  Forge  
  26  3:30  Assimilator  
  26  3:31  Probe x2 (Chrono Boost)  
  29  3:34  Probe (Chrono Boost)  
  29  3:41  Probe (Chrono Boost)  
  29  3:44  Probe (Chrono Boost)  
  31  4:01  Cybernetics Core  
  31  4:07  Gateway  
  31  4:08  Gateway  
  31  4:11  Gateway  
  31  4:14  Photon Cannon  
  31  4:16  Photon Cannon  
  31  4:18  Photon Cannon  
  31  4:22  Probe (Chrono Boost)  
  31  4:31  Probe (Chrono Boost)  
  32  4:40  Twilight Council  
  32  4:41  Probe (Chrono Boost)  
  32  4:42  Robotics Facility  
  33  4:46  Pylon x2  
  33  4:48  Probe x2 (Chrono Boost)  
  33  4:52  Probe (Chrono Boost)  
  36  4:56  Assimilator  
  36  4:58  Pylon  
  36  4:59  Probe x2 (Chrono Boost)  
  38  5:01  Pylon  
  38  5:02  Probe (Chrono Boost)  
  39  5:09  Probe x2 (Chrono Boost)  
  41  5:17  Pylon  
  41  5:19  Probe (Chrono Boost)  
  42  5:21  Pylon  
  42  5:22  Warp Gate (Chrono Boost)  
  42  5:27  Zealot x3  
  42  5:28  Zealot x2  
  51  5:29  Probe  
  52  5:39  Probe  
  51  5:51  Assimilator  
  51  5:52  Assimilator  
  51  5:54  Zealot x2  
  55  6:09  Probe  
  56  6:15  Nexus  
  56  6:16  Assimilator  
  55  6:19  Probe  
  55  6:21  Assimilator  
  56  6:29  Zealot x2  
  56  6:30  Probe, Zealot x3  
  67  6:40  Probe  
  67  6:41  Probe  
  68  6:51  Pylon  
  68  6:52  Pylon  
  68  6:53  Probe  
  69  6:56  Pylon  
  73  7:05  Probe  
  69  7:26  Zealot x2  
  69  7:27  Zealot x3  
  79  7:50  Charge (Chrono Boost)  
  75  8:06  Warp Prism (Chrono Boost)  
  75  8:27  Nexus  
  75  8:30  Mothership Core  
  77  8:43  Nexus  
  77  8:52  Pylon  
  77  9:14  Pylon  
  77  9:15  Pylon  
  77  9:31  Pylon  
  77  9:34  Pylon  
  77  9:38  Pylon  
  77  9:41  Pylon  
  77  9:44  Pylon  
  49  10:07  Dark Shrine  
  49  10:08  Templar Archives  
  49  10:20  Probe  
  49  10:21  Probe  
  49  10:22  Probe x2  
  53  10:31  Probe x2  
  53  10:34  Probe x2  
  57  10:36  Gateway  
  57  10:37  Gateway  
  57  10:38  Gateway  
  57  10:39  Gateway  
  57  10:41  Gateway  
  57  10:43  Gateway  
  57  10:44  Gateway  
  57  10:45  Gateway  
  57  10:46  Pylon  
  57  10:50  High Templar x3  
  57  10:51  High Templar x2  
  67  11:16  Protoss Ground Weapons Level 1  
  67  11:41  Zealot x4  
  67  11:42  Zealot x5  
  67  11:43  Zealot x2  
  67  11:45  Probe  
  67  11:46  Probe  
  91  11:57  Psionic Storm  
  91  12:02  Zealot x3  
  91  12:03  Zealot x4  
  91  12:04  Zealot x5  
  91  12:05  Zealot  
  116  12:25  Dark Templar x5  
  116  12:26  Dark Templar x2  
  116  12:27  Zealot  
  116  12:28  Zealot x4  
  118  13:07  Dark Templar x3  
  118  13:08  Dark Templar x2, Zealot  
  118  13:09  Zealot x6  
  118  13:10  Zealot  
  116  13:42  High Templar x2  
  116  13:44  Zealot x3  
  118  13:53  Assimilator  
  118  13:55  Assimilator  
  110  14:09  Dark Shrine  
  98  14:30  Templar Archives  
  51  15:35  Gateway  
  49  15:40  Gateway x2  
  49  15:41  Gateway x2  
  49  15:42  Gateway  
  49  15:44  Gateway x2  
  49  15:47  Gateway x2  
  49  15:54  Nexus  
  49  15:59  Pylon  
  49  16:02  Pylon  
  49  16:03  Archon x3  
  43  16:04  Pylon  
  43  16:06  Pylon x2  
  16  16:37  Probe  
  16  16:38  Cybernetics Core  
  17  16:48  Probe  
  18  16:58  Probe  
  18  17:00  Probe  
  19  17:08  Dark Templar x3  
  22  17:09  Dark Templar x5  
  22  17:10  Probe, Dark Templar x2  
  41  17:21  Probe  
  42  17:31  Probe  
  43  17:42  Probe  
Show
View Real Time Build Order
Export as new Build Order

Geran Zerg 

Build Orders: Pool First 

Get SALT Encoding   

  12  0:04  Drone  
  13  0:14  Drone  
  14  0:31  Spawning Pool  
  14  0:32  Drone  
  14  0:38  Overlord  
  14  0:58  Drone  
  14  1:00  Drone  
  14  1:02  Drone  
  17  1:07  Extractor  
  17  1:10  Overlord  
  16  1:22  Zergling x2  
  16  1:23  Queen  
  19  1:38  Zergling x2  
  20  1:46  Zergling x2  
  21  1:54  Drone, Extractor  
  21  2:14  Hatchery  
  20  2:16  Roach Warren  
  20  2:33  Spine Crawler  
  20  2:36  Drone x2  
  20  2:37  Drone x2  
  22  2:38  Zergling x4  
  25  3:19  Drone  
  26  3:20  Roach  
  26  3:21  Roach  
  26  3:23  Lair  
  30  3:37  Spine Crawler  
  30  3:40  Spine Crawler  
  28  3:50  Drone  
  28  3:51  Drone  
  28  3:52  Overlord x3  
  30  4:10  Overlord x2  
  30  4:33  Drone  
  30  4:35  Zergling x2, Roach  
  35  5:00  Drone x2  
  34  5:09  Evolution Chamber x2  
  28  5:40  Zerg Missile Weapons Level 1  
  28  5:41  Zerg Ground Armor Level 1  
  28  5:43  Roach x2  
  32  5:52  Hydralisk Den  
  31  6:44  Muscular Augments  
  31  6:47  Glial Reconstitution  
  31  6:51  Drone x3, Hydralisk  
  31  6:52  Hydralisk, Roach  
  31  6:53  Hydralisk, Roach  
  44  7:33  Hydralisk  
  44  7:34  Hydralisk  
  44  7:35  Roach  
  44  7:36  Roach  
  52  7:45  Drone  
  51  8:22  Hatchery  
  50  8:29  Hydralisk  
  50  8:30  Drone  
  50  8:31  Drone, Roach, Extractor x2  
  54  8:41  Hydralisk  
  54  8:42  Infestation Pit  
  55  9:00  Zerg Ground Armor Level 2, Zerg Missile Weapons Level 2  
  55  9:07  Hydralisk  
  55  9:08  Drone, Roach  
  55  9:09  Drone  
  61  9:21  Hive  
  39  10:20  Hydralisk x2  
  39  10:21  Hydralisk x6  
  43  10:22  Hydralisk x3  
  51  10:32  Queen  
  49  10:45  Drone x3  
  49  10:46  Drone  
  53  10:59  Lurker Den  
  53  11:08  Drone x2  
  55  11:12  Drone  
  55  11:18  Drone  
  57  11:19  Drone  
  57  11:23  Drone  
  59  11:30  Overseer  
  59  11:45  Hydralisk  
  59  11:47  Hydralisk, Roach  
  63  11:49  Roach  
  67  12:08  Drone x2, Hydralisk x2  
  68  12:10  Roach  
  68  12:12  Overlord  
  75  12:24  Burrow  
  75  12:28  Zerg Missile Weapons Level 3  
  75  12:38  Lurker x3  
  78  13:09  Hydralisk x2  
  78  13:10  Hydralisk  
  78  13:12  Overlord x4  
  84  13:13  Overlord  
  84  13:44  Hydralisk  
  84  13:45  Hydralisk x6  
  98  14:09  Hydralisk x5  
  102  14:10  Hydralisk  
  110  14:23  Hydralisk  
  110  14:24  Hydralisk  
  114  14:39  Hydralisk x4  
  114  14:40  Hydralisk  
  114  14:41  Overlord x3  
  99  15:40  Hydralisk x2  
  99  15:41  Hydralisk x3  
Show
View Real Time Build Order
Export as new Build Order

gdawgrancid Zerg 

Build Orders: Hatch First 

Get SALT Encoding   

  12  0:34  Hatchery  
  12  0:35  Drone x2  
  13  0:40  Drone  
  14  0:58  Extractor  
  14  1:02  Spawning Pool  
  12  1:09  Drone  
  13  1:14  Overlord  
  13  1:24  Drone  
  14  1:31  Extractor  
  13  1:33  Drone x2  
  15  1:42  Drone  
  16  1:59  Lair  
  16  2:04  Drone  
  16  2:05  Drone  
  18  2:09  Drone  
  18  2:13  Drone  
  20  2:23  Drone  
  20  2:28  Drone  
  20  2:29  Drone  
  23  2:30  Drone  
  23  2:36  Drone  
  25  2:43  Extractor  
  24  2:45  Drone  
  25  2:58  Drone x2  
  27  3:20  Drone  
  27  3:22  Spire  
  27  3:26  Overlord  
  27  3:44  Drone, Queen x2  
  27  3:45  Overlord  
  32  3:49  Drone  
  32  3:50  Spore Crawler  
  32  3:53  Drone  
  32  3:54  Extractor  
  32  4:05  Drone  
  32  4:06  Drone  
  34  4:19  Drone  
  34  4:21  Drone x2  
  37  4:26  Drone  
  38  4:37  Mutalisk  
  40  4:39  Mutalisk x2  
  44  4:47  Zerg Flyer Weapons Level 1  
  44  4:57  Overlord x2  
  44  5:11  Hatchery  
  43  5:18  Mutalisk  
  43  5:19  Mutalisk x2  
  43  5:21  Drone x4  
  53  5:32  Mutalisk x2  
  53  5:33  Mutalisk  
  59  5:47  Overlord  
  59  5:49  Overlord x3  
  59  6:12  Mutalisk x2  
  59  6:13  Mutalisk x3  
  67  6:41  Zerg Flyer Armor Level 1  
  67  6:43  Drone x2, Queen  
  67  6:44  Mutalisk x2  
  67  6:45  Mutalisk  
  67  7:11  Mutalisk x3  
  67  7:12  Mutalisk x2  
  67  7:13  Mutalisk  
  63  7:19  Queen  
  65  7:31  Mutalisk x2  
  65  7:49  Drone x3  
  62  8:10  Mutalisk, Corruptor  
  62  8:11  Corruptor x2  
  62  8:18  Extractor  
  62  8:19  Extractor  
  60  8:20  Spore Crawler  
  60  8:21  Spore Crawler  
  60  8:24  Drone x5  
  63  8:34  Drone x4, Overlord x2  
  66  8:35  Overlord x2, Mutalisk  
  66  8:36  Mutalisk x2  
  66  8:40  Spore Crawler  
  72  8:46  Spore Crawler  
  71  8:48  Corruptor  
  71  8:53  Drone x3  
  76  8:56  Drone x3  
  76  9:01  Corruptor  
  81  9:23  Corruptor  
  81  9:24  Corruptor x3  
  89  9:50  Corruptor x4  
  89  9:51  Mutalisk  
  89  10:17  Mutalisk  
  89  10:18  Mutalisk x3  
  95  10:36  Mutalisk x3  
  95  10:38  Overlord  
  95  10:39  Overlord x2  
  95  10:40  Overseer  
  95  10:41  Overseer  
  101  10:53  Hatchery  
  101  10:54  Extractor  
  97  11:17  Drone x2  
  97  11:18  Drone x2  
  101  11:19  Drone  
  101  11:22  Spore Crawler  
  101  11:26  Mutalisk  
  101  11:27  Mutalisk x5  
  101  11:28  Mutalisk  
  115  12:07  Spine Crawler  
  114  12:09  Extractor  
  114  12:15  Corruptor x2  
  107  12:16  Corruptor x4  
Tags
 
Add a new tag
Caveats
  • Supply blocks, unpowered buildings, or Contaminate may cause inaccurate times.
  • Supply counts are checked every 10 seconds.